 Dungeon Crawl Stone Soup version 0.29-a0-819-g94b489e0ae (webtiles) character file.

Game seed: 3514613538067292028

235 bande the Covered (level 6, 0/38 HPs)
             Began as a Gargoyle Fighter on July 6, 2022.
             Slain by an adder (3 damage)
             ... on level 4 of the Dungeon on July 7, 2022.
             The game lasted 00:07:01 (3840 turns).

bande the Covered (Gargoyle Fighter)                Turns: 3840, Time: 00:07:01

Health: 0/38       AC: 16    Str: 20    XL:     6   Next: 5%
Magic:  6/6        EV:  5    Int:  8    God:
Gold:   183        SH:  4    Dex: 11    Spells: 5/5 levels left

rFire   . . .      SeeInvis +   a - +0 war axe
rCold   . . .      Faith    .   c - +0 buckler
rNeg    + . .      Spirit   .   n - +0 plate armour
rPois   ∞          Reflect  .   q - +0 hat
rElec   +          Harm     .   (no cloak)
rCorr   .          Rampage  .   (no gloves)
Will    .....                   (no boots)
Stlth   ..........              (no amulet)
HPRegen 0.12/turn               i - ring of Midnight {rElec Slay+5 SInv}
MPRegen 0.10/turn               (no ring)

@: no status effects
A: sickness immunity, AC +4, negative energy resistance 1, electricity
resistance, torment resistance 1, petrification resistance
a: no special abilities


You were on level 4 of the Dungeon.
You visited 1 branch of the dungeon, and saw 4 of its levels.

You collected 183 gold pieces.

Inventory:

Hand Weapons
 a - a +0 war axe (weapon)
 p - a +0 flail
Armour
 c - a +0 buckler (worn)
 n - a +0 plate armour (worn)
 q - a +0 hat (worn)
Jewellery
 i - the ring of Midnight (left hand) {rElec Slay+5 SInv}
   (You acquired it on level 2 of the Dungeon)

   [ring of see invisible]

   Slay:      It affects your accuracy & damage with ranged weapons and melee
   (+5).
   rElec:     It insulates you from electricity.
   SInv:      It lets you see invisible.
Wands
 m - a wand of roots (2)
Scrolls
 k - a scroll of amnesia
Potions
 b - a potion of magic {unknown}
 d - 2 potions of might
 e - a potion of berserk rage {unknown}
 f - 2 potions of haste {unknown}
 g - 2 potions of lignification {unknown}
 h - 2 potions of mutation {unknown}
 j - 2 potions of degeneration {unknown}
 l - a potion of attraction {unknown}
 o - 2 potions of cancellation


   Skills:
 + Level 3.9 Fighting
 + Level 3.9 Axes
 + Level 4.3 Armour
 - Level 0.3 Dodging
 + Level 4.0 Shields
 * Level 1.1 Evocations


You had 5 spell levels left.
You didn't know any spells.
Your spell library contained the following spells:

 Spells                   Type           Power      Damage    Failure   Level
 Portal Projectile        Hex/Tloc       0%         N/A       100%        3
 Tukima's Dance           Hex            0%         N/A       100%        3
 Blade Hands              Tmut           0%         N/A       100%        5


Dungeon Overview and Level Annotations

Branches:
Dungeon (4/15)
 Temple: D:4-7

Altars:
Sif Muna
Vehumet

Annotations:
D:3 1 runed translucent door, Crazy Yiuf
D:4 1 transporter


Innate Abilities, Weirdness & Mutations

You are immune to sickness and miasma.
Your stone body is resilient. (AC +4)
You are immune to poison.
You resist negative energy. (rN+)
You are resistant to electric shocks. (rElec)
You are resistant to unholy torment.
You are immune to petrification.


Message History

You block the black bear's attack.
The black bear claws you but does no damage.
The black bear goes berserk!
Unknown command.
You slash the black bear!
The black bear is almost dead.
The black bear bites you! The black bear barely misses you.
The black bear claws you but does no damage.
The black bear bites you!
The black bear claws you but does no damage.
The black bear claws you.
You closely miss the black bear.
The black bear is almost dead.
The black bear barely misses you. You block the black bear's attack. x2
The black bear bites you.
* * * LOW HITPOINT WARNING * * *
The black bear claws you but does no damage. x2
You slash the black bear!
You kill the black bear!
The adder bites you but does no damage.
Your Shields skill increases to level 4!
Your Evocations skill increases to level 1!
You have reached level 6!
You barely miss the adder. You block the adder's attack.
The adder barely misses you.
You barely miss the adder. The adder bites you but does no damage.
You barely miss the adder. The adder bites you.
* * * LOW HITPOINT WARNING * * *
The adder bites you but does no damage.
You closely miss the adder. The adder bites you.
* * * LOW HITPOINT WARNING * * *
The adder bites you but does no damage.
You closely miss the adder. You block the adder's attack.
The adder barely misses you.
You closely miss the adder. The adder bites you.
* * * LOW HITPOINT WARNING * * *
You slash the adder!
The adder is severely wounded.
You block the adder's attack. The adder bites you.
You die...

.......#..# #.......#....#.# ###
......##..# .#.###........#.#####
......##..##.#####.#.#...........
......##.........#.#.##+#.#.#####
..............##.#.#......#.#
......##..######.#.####.....#
.#######......##.#.. ####### .
#..###.##.###....
##.#.....@SK..$..
#>#.#!##.###.... #.#.#....# . #.#
###..# #.# #... ..# #.## .. ###
#. .. .. .© ##


You could see an adder and a kobold.

Vanquished Creatures
  A black bear (D:4)
  An iguana (D:4)
  Ijyb (D:3)
  An adder (D:3)
  2 dart slugs
  8 orcs
  6 endoplasms
  4 giant cockroaches
  5 goblins
  3 hobgoblins
  4 jackals (D:4)
  6 kobolds
  A quokka (D:1)
  8 ball pythons
  6 bats
  5 frilled lizards
  7 rats
69 creatures vanquished.

Notes
Turn   | Place    | Note
-------+----------+-------------------------------------------
     0 | D:1      | bande the Gargoyle Fighter began the quest for the Orb.
     0 | D:1      | Reached XP level 1. HP: 14/14 MP: 1/1
   283 | D:1      | Reached XP level 2. HP: 18/19 MP: 2/2
   634 | D:1      | Reached XP level 3. HP: 22/23 MP: 3/3
  1157 | D:2      | Identified a scroll of acquirement
  1157 | D:2      | Acquired the ring of Midnight {rElec Slay+5 SInv}
  1414 | D:2      | Found a radiant altar of Vehumet.
  1472 | D:2      | Found a faded altar of an unknown god.
  1793 | D:3      | Found a shimmering blue altar of Sif Muna.
  1872 | D:3      | Found a runed translucent door.
  1873 | D:3      | Noticed Crazy Yiuf
  2009 | D:3      | Noticed Ijyb
  2027 | D:3      | Killed Ijyb
  2028 | D:3      | Reached XP level 4. HP: 6/29 MP: 4/4
  3327 | D:4      | Found a transporter.
  3434 | D:4      | Reached XP level 5. HP: 13/33 MP: 5/5
  3820 | D:4      | Noticed a black bear
  3833 | D:4      | Killed a black bear
  3834 | D:4      | Reached skill level 1 in Evocations
  3834 | D:4      | Reached XP level 6. HP: 7/38 MP: 6/6
  3840 | D:4      | Slain by an adder

Illustrated notes

Levels and vault maps discovered:
D:1:      spicycebolla_green_bress_n_ham_2, layout_basic, serial_glass,
          glass_columns_a, glass_columns_a, interstate_on_off
D:2:      layout_loops_ring, basic_altar, basic_ecumenical_altar,
          palyth_stone_intersect
D:3:      layout_loops_corners, led_sif_book, uniq_ijyb, uniq_crazy_yiuf_cottage
D:4:      layout_basic, mainiacjoe_overflow_alcove_4, gammafunk_ghost_mausoleum

Skill      XL: |  1  2  3  4  5 |
---------------+----------------+-----
Axes           | 2 3 |  3.9
Armour         | 4 |  4.3
Shields        | 4 |  4.0
Evocations     | 1 |  1.1
Fighting       | |  3.9
Dodging        | |  0.3

Action                   |  1- 3 |  4- 6 || total
-------------------------+-------+-------++-------
Melee: War axe           |   103 |    59 ||   162
  Use: Scroll            |     6 |     3 ||     9
Armor: Scale mail        |    15 |       ||    15
       Chain mail        |    18 |       ||    18
       Plate armour      |    29 |    52 ||    81
Dodge: Dodged            |    34 |    19 ||    53
Block: Buckler           |    15 |    20 ||    35

Table legend: (Time is in decaauts)
 A = Elapsed time spent in this place.
 B = Non-inter-level travel time spent in this place.
 C = Inter-level travel time spent in this place.
 D = Time resting spent in this place.
 E = Time spent auto-exploring this place.
 F = Levels seen in this place.
 G = Mean time per level.
                   A        B        C        D        E       F      G
               +--------+--------+--------+--------+--------+-----+--------+
         Total |   3906 |   3792 |    114 |    728 |   2382 |   4 |  976.5 |
       Dungeon |   3906 |   3792 |    114 |    728 |   2382 |   4 |  976.5 |
               +--------+--------+--------+--------+--------+-----+--------+

Top non-repeatable levels by time:
     D:3: 1593 daAuts
     D:1: 1041 daAuts
     D:2: 719 daAuts
     D:4: 551 daAuts
